 Dungeon Crawl Stone Soup version 0.25-a0-424-g80bd347ae0 (webtiles) character file.

Game seed: 5748516236412886059, levelgen mode: deterministic

166 tilp the Conjurer (level 5, 0/28 HPs)
             Began as a Tengu Air Elementalist on Jan 23, 2020.
             Slain by a bullfrog (7 damage)
             ... on level 7 of the Dungeon.
             The game lasted 00:06:32 (3093 turns).

tilp the Conjurer (Tengu Air Elementalist)          Turns: 3093, Time: 00:06:32

Health: 0/28       AC:  3    Str:  8    XL:     5   Next: 47%
Magic:  9/9        EV: 15    Int: 16    God:
Gold:   100        SH:  0    Dex: 15    Spells: 2/8 levels left

rFire    + . .     SeeInvis .   a - +2 short sword (speed)
rCold    + . .     Gourm    .   (no shield)
rNeg     . . .     Faith    .   f - +1 robe
rPois    .         Spirit   .   (helmet restricted)
rElec    .         Reflect  .   d - scarf {rC+ rF+}
rCorr    .         Harm     .   (no gloves)
MR       .....                  (boots unavailable)
Stlth    ++........             (no amulet)
HPRegen  0.09/turn              (no ring)
MPRegen  0.11/turn              (no ring)

@: lethally poisoned (0 -> -8), flying quickly and evasively, quick
A: beak, talons 3, able to fly
a: Stop Flying


You were on level 7 of the Dungeon.
You were hungry.

You visited 1 branch of the dungeon, and saw 5 of its levels.

You collected 100 gold pieces.

Inventory:

Hand Weapons
 a - a +2 short sword of speed (weapon)
Missiles
 b - 79 stones
 q - 7 poisoned darts (quivered)
 s - 13 sling bullets
Armour
 d - a scarf of resistance (worn)
 f - a +1 robe (worn)
Scrolls
 p - a scroll of blinking {unknown}
 t - a scroll of remove curse {unknown}
 v - a scroll of fog {unknown}
Potions
 e - a potion of agility
 j - 2 potions of haste
 k - 2 potions of curing {unknown}
 l - a potion of lignification {unknown}
 m - 3 potions of flight
 n - a potion of ambrosia {unknown}
 r - a potion of heal wounds {unknown}
 w - a potion of might {unknown}
Comestibles
 c - 2 rations


   Skills:
 - Level 2.1 Dodging
 - Level 2.0 Stealth
 - Level 2.0 Spellcasting
 + Level 5.6 Conjurations
 + Level 5.5 Air Magic


You had 2 spell levels left.
You knew the following spells:

 Your Spells              Type           Power        Failure   Level  Hunger
a - Shock                 Conj/Air       ###.         1%          1    #......
b - Swiftness             Chrm/Air       ##......     10%         2    ###....
c - Static Discharge      Conj/Air       ###.....     6%          3    ###....

Your spell library contained the following spells:

 Spells                   Type           Power        Failure   Level  Hunger
 Airstrike                Air            ###.......   21%         4    #####..
 Lightning Bolt           Conj/Air       ###.......   50%         5    ######.


Dungeon Overview and Level Annotations

Branches:
Dungeon (4/15)
 Temple: D:4-7

Altars:
Wu Jian
Yredelemnul


Innate Abilities, Weirdness & Mutations

You have a beak for a mouth.
You have claws for feet.
You can fly continuously.


Message History

A killer bee comes into view.
You hear an angry buzzing noise.
Found an ornate altar of the Wu Jian Council.
A killer bee comes into view.
Okay, then.
A killer bee comes into view.
A leopard gecko comes into view.
The bullfrog closely misses you. The killer bee stings you.
The bullfrog barely misses you. The killer bee closely misses you.
Unknown command.
You reach down and open the door.
The killer bee buzzes angrily.
The bullfrog hits you. The killer bee stings you!
* * * LOW HITPOINT WARNING * * *
You are poisoned.
The killer bee poisons you! The killer bee stings you.
* * * LOW HITPOINT WARNING * * *
The bullfrog hits you!
You die...

... y# ...
y# #.##.#
._.y.####
#.#......
###.y#.....
#....y.#
#..Oyy.#
#..F@..#
####'###
#.# ..# ...
$... .###
..


You could see an ogre, a bullfrog and 5 killer bees.

Vanquished Creatures
  2 orc wizards (D:3)
  An orc priest (D:3)
  An adder (D:2)
  2 worms (D:2)
  A dart slug (D:1)
  6 orcs (D:3)
  6 bats
  4 giant cockroaches
  6 goblins
  4 hobgoblins
  3 jackals (D:2)
  5 frilled lizards
  13 kobolds
  4 rats
58 creatures vanquished.

Notes
Turn   | Place    | Note
-------+----------+-------------------------------------------
     0 | D:1      | tilp the Tengu Air Elementalist began the quest for the
                  | Orb.
     0 | D:1      | Reached XP level 1. HP: 10/10 MP: 4/4
   421 | D:1      | Reached XP level 2. HP: 15/15 MP: 0/6
   879 | D:1      | Learned a level 2 spell: Swiftness
  1013 | D:2      | Reached XP level 3. HP: 19/19 MP: 0/7
  1021 | D:2      | Learned a level 3 spell: Static Discharge
  1932 | D:3      | Reached XP level 4. HP: 17/24 MP: 3/8
  2087 | D:3      | Reached skill level 5 in Conjurations
  2093 | D:3      | Reached skill level 5 in Air Magic
  2093 | D:3      | Gained mutation: You can fly continuously. [Tengu growth]
  2093 | D:3      | Reached XP level 5. HP: 28/28 MP: 0/9
  2280 | D:3      | Noticed a sky beast
  2314 | D:3      | Found a faded altar of an unknown god.
  2647 | D:3      | Found a basalt altar of Yredelemnul.
  3086 | D:4      | You are sucked into a shaft and drop 3 floors!
  3090 | D:7      | Found an ornate altar of the Wu Jian Council.
  3090 | D:7      | Noticed an ogre
  3093 | D:7      | Slain by a bullfrog

Levels and vault maps discovered:
D:1:      evilmike_arrival_rings, layout_basic, minmay_misc_feat_encased
D:2:      layout_rooms, minmay_tromino_v4_c
D:3:      layout_basic, yredelemnul_altar_generic,
          chequers_ecumenical_altar_simple_redux
D:4:      minmay_diamond_boxcup, layout_basic, first_ration,
          kennysheep_small_square
D:7:      minmay_chambers_of_sixes, layout_basic,
          nicolae_ru_great_annihilating_truth, lemuel_crystal_altar,
          old_standard_altar, minmay_temple_entry_sparse_star,
          nicolae_ossuary_entry_catacombs

Skill      XL: |  1  2  3  4 |
---------------+-------------+-----
Conjurations   | 2 4 5 |  5.6
Air Magic      | 5 |  5.5
Dodging        | |  2.1
Stealth        | |  2.0
Spellcasting   | |  2.0

Action                   |  1- 3 |  4- 6 || total
-------------------------+-------+-------++-------
Melee: Short sword       |    13 |    12 ||    25
       Kick              |     4 |     4 ||     8
       Peck              |     1 |     2 ||     3
 Cast: Shock             |    83 |    31 ||   114
 Abil: Fly               |       |     1 ||     1
  Use: Scroll            |     2 |     5 ||     7
 Stab: Sleeping          |     1 |     1 ||     2
  Eat: Chunk             |     4 |     4 ||     8
Armor: Robe              |     6 |     1 ||     7
Dodge: Dodged            |    19 |    12 ||    31

Table legend:
 A = Non-vault XP
 B = Vault XP
 C = Vault XP percentage of total XP
 D = Non-vault monster count
 E = Vault monster count
 F = Vault count percentage of total count
                 A         B        C        D         E       F
            +---------+---------+-------+---------+---------+-------
      Total |     233 |       5 |   2.1 |      57 |       1 |   1.7
            +---------+---------+-------+---------+---------+-------
        D:1 |      19 |       0 |   0.0 |      12 |       0 |   0.0
        D:2 |      55 |       5 |   8.3 |      24 |       1 |   4.0
        D:3 |     159 |       0 |   0.0 |      21 |       0 |   0.0
            +---------+---------+-------+---------+---------+-------
